 Dungeon Sprint DCSS version 0.03.2.1-55-g6201c1df07 (webtiles) character file.

Game seed: 2724533665815295346, levelgen mode: deterministic

6945 Amaterasu the Severer (level 10, -3/93 HPs) Minotaur Demonspawn. Began on Feb 3, 2021. Was the Champion of Makhleb. Killed by an exploding bennu (23 damage) ... ignited by themself ... in the Dungeon (Sprint V: "Ziggurat Sprint"). The game lasted 00:10:30 (292 turns).

Amaterasu the Severer (Minotaur Demonspawn)          Turns: 292, Time: 00:10:30

Health: -3/93      AC: 24    Str: 33    XL:     10 ^: 1050
Magic:  13/13      EV: 10    Int:  6    God:    Makhleb [6* [195]]
Gold:   0          SH: 18    Dex:  9    Spells: 10/11 levels left

rFire    + . .     Vision   +   c - +14 obsidian axe {chop, +Fly +Vis Soulbond}
rCold    + . .     Gourm    .   E - +3 scutum
rNeg     . . .     Faith    .   F - +5 gold dragon scales
rPois    +         Spirit   .   (helmet restricted)
rElec    .         Reflect  .   (no cloak)
rCorr    .         Harm     .   (gloves unavailable)
MR       ++...     Rnd*Rage +   (no boots) Stlth ..........NoTele +
                                G - necklace of Bloodlust {*Rage +Rage MR++ Int-3 Slay+6 Soulbond}
HPRegen  0.41/turn              o - ring of strength
MPRegen  0.23/turn              p - ring of strength

@: mesmerised, hasted, lightly drained, very quick
A: retaliatory headbutt, claws 3, horns 2, iridescent scales 1, demonic guardian
1, spiny 1
a: Minor Destruction, Lesser Servant of Makhleb, Major Destruction, Greater
Servant of Makhleb, Renounce Religion, Evoke Berserk Rage, Evoke Flight


You were in the Dungeon.
You worshipped Makhleb.
Makhleb was exalted by your worship.
You were not hungry.

You visited 1 branch

Inventory:

Weapons
 c - the +14 obsidian axe (weapon) {chop, +Fly +Vis Soulbond}
   (You found it in the Dungeon)

   It inflicts extra damage upon your enemies.
   It improves your vision.
   It lets you fly.
   When equipped, it binds to the wielder's soul until they gain enough
   experience to unwield again.
   Shields
 E - a +3 scutum (shield)
Armour
 F - +5 gold dragon scales (worn)
Jewellery
 k - an uncursed ring of dexterity
 l - an uncursed ring of dexterity
 m - an uncursed ring of intelligence
 n - an uncursed ring of intelligence
 o - a ring of strength (left claw)
 p - a ring of strength (right claw)
 G - the necklace of Bloodlust (around neck) {*Rage +Rage MR++ Int-3 Slay+6 Soulbond}
   (You found it in the Dungeon)

   [amulet of rage]

   It affects your intelligence (-3).
   It affects your accuracy and damage with ranged weapons and melee attacks
   (+6).
   It affects your resistance to hostile enchantments.
   It lets you go berserk.
   It may make you go berserk in combat.
   When equipped, it binds to the wielder's soul until they gain enough
   experience to unwield again.
Wands
 r - a wand of disintegration (7)
 s - a wand of iceblast (7)
 t - a wand of acid (7)
Scrolls
 j - 4 scrolls of blinking
 y - 4 scrolls of amnesia
 B - 7 scrolls of fog
 C - 5 scrolls of bless item
 D - 2 scrolls of fear
Potions
 e - 10 potions of curing
 f - 10 potions of heal wounds
 g - 5 potions of haste
 h - 7 potions of magic
 i - 3 potions of berserk rage
 u - 2 potions of brilliance
 v - 2 potions of invisibility
 w - 4 potions of resistance
 z - 5 potions of agility
 A - 5 potions of might
Miscellaneous
 a - a fan of gales
 b - a phial of floods
 q - a lightning rod (4/4)
 x - a box of beasts
Comestibles
 d - 7 rations


   Skills:
 * Level 9.9(9.2) Fighting
 * Level 16.3(15.5) Axes & Hammers
 * Level 10.2(9.5) Armour
 * Level 13.7(12.9) Dodging
 - Level 1.5(1.0) Stealth
 * Level 10.0(9.3) Shields
 - Level 1.0(0.4) Spellcasting
 - Level 1.3(0.8) Fire Magic
 - Level 6.5(5.9) Invocations


You had 10 spell levels left.
You knew the following spells:

 Your Spells              Type           Power        Failure   Level  Hunger
a - Flame Tongue          Fire           1 (30)       100%        1    ##.....

Your spell library contained the following spells:

 Spells                   Type           Power        Failure   Level  Hunger
 Blink                    Tloc           N/A          100%        2    ###....
 Call Imp                 Summ           0 (100)      100%        2    ###....
 Slow                     Hex            0 (100)      100%        2    ###....
 Conjure Flame            Fire           1 (100)      100%        3    ####...
 Mephitic Cloud           Pois/Air       0 (100)      100%        3    ####...


Dungeon Overview and Level Annotations

Branches:
Dungeon (1/1)

Altars:
Ashenzari
Cheibriados
Dithmenos
Elyvilon
Fedhas Madash
Gozag Ym Sagoz
Hepliaklqana
Kikubaaqudgha
Makhleb
Nemelex Xobeh
Okawaru
Qazlal
Ru
Sif Muna
Trog
Uskayaw
Vehumet
Wu Jian
Xom
Yredelemnul
Zin
The Shining One
Beogh
Jiyva
Lugonu

Annotations:
D 1 transporter


Innate Abilities, Weirdness & Mutations

You reflexively headbutt those who attack you in melee.
You have claws for hands. (+6 Unarmed)
You have a pair of horns on your head.
You are partially covered in iridescent scales. (AC +2)
A weak demonic guardian rushes to your aid.
You are partially covered in sharp spines.


Message History

A demon appears!
It doesn't seem very happy.
You destroy the bat zombie!
Makhleb accepts your kill.
You feel better.
Visions of slaying the sun demon flood into your mind.
The mummy priest calls on the powers of darkness!
The bennu convulses!
Your body is wracked with pain!
* * * LOW HITPOINT WARNING * * *
Your white imp gestures at the bennu.
The puff of frost misses the bennu.
The bennu is struck by your spines (10)!
The bennu pecks you but does no damage. The bennu is struck by your spines (5).
The bennu claws you but does no damage. The bennu claws you (1).
* * * LOW HITPOINT WARNING * * *
You slice the bennu (28)!!
The bennu blazes out!
The pyre of ghostly fire engulfs you (23)!!
You feel drained.
You die...

▓▓▓▓▓▓▓▓▓▓▓▓▓▓▓▓▓▓▓
▓...8©8...▓..8©8..▓
▓..|))?|..▓..:)|..▓
▓...}M=...▓....:..▓
▓...M.....▓.=4....▓
▓...MMM...▓..))†..▓
▓......3..▓...††..▓
▓.....5...▓.......▓
▓....@....▓.▓...▓.▓
▓....©....▓...©...▓
▓▓▓▓▓▓▓▓▓▓▓▓▓▓▓▓▓▓▓


You could see a mummy priest, a sun demon, a guardian mummy, 3 mummies and a
friendly white imp.

Vanquished Creatures
  A deep elf knight (D)
  A deep elf archer (D)
  7 deep elf magi (D)
  A dancing weapon (D)
  2 merfolk (D)
  A hippogriff (D)
  A water elemental (D)
  A necrophage (D)
  A phantom (D)
  A porcupine (D)
  A bullfrog (D)
  A wight (D)
  2 iguanas (D)
  A sewer rat (D)
  A white imp (D)
  An adder zombie (D)
  2 bat zombies (D)
26 creatures vanquished.

Vanquished Creatures (collateral kills)
  A deep elf demonologist (D)
  A deep elf archer (D)
  2 hippogriffs (D)
  A necrophage (D)
  A wolf (D)
  A centaur (D)
  A wight (D)
  A sewer rat (D)
  An adder skeleton (D)
  A jackal (D)
  A bat skeleton (D)
  A leopard gecko skeleton (D)
13 creatures vanquished.

Grand Total: 39 creatures vanquished

Notes
Turn   | Place    | Note
-------+----------+-------------------------------------------
     0 | D        | Amaterasu the Minotaur Demonspawn began the quest for the
                  | Orb.
     0 | D        | Reached XP level 1. HP: 16/16 MP: 1/1
     2 | D        | Found a bloodstained altar of Trog.
     2 | D        | Found a shimmering blue altar of Sif Muna.
     2 | D        | Found a sacrificial altar of Ru.
     2 | D        | Found a stormy altar of Qazlal.
     2 | D        | Found an iron altar of Okawaru.
     6 | D        | Found a sparkling altar of Nemelex Xobeh.
     7 | D        | Found the +6 Majin-Bo {vampiric, corrupt archmagi; MP+6
                  | Int+6}
     7 | D        | Found the +9 ballista "Sniper" {velocity, Acc+∞ +Vis}
     7 | D        | Found the +10 dark maul {crush}
     7 | D        | Found the +15 Maxwell's patent armour {-Cast -Tele rElec
                  | MR+ rCorr}
     7 | D        | Found the +18 shield of the Gong {rElec rN+ MR+ EV-5}
     7 | D        | Found the +14 obsidian axe {chop, +Fly +Vis Soulbond}
     7 | D        | Found the +7 great mace "Firestarter" {inner flame, rF++}
     7 | D        | Found the +6 shillelagh "Devastator" {shatter}
     7 | D        | Found the +11 plutonium sword {*Contam Stlth-}
     7 | D        | Found the +8 lance "Wyrmbane" {slay drac, rPois rF+ rC+
                  | AC+3}
     7 | D        | Found the +9 sword of Zonguldrok {reap}
     7 | D        | Found the +13 scythe of Curses {drain, Soulbond}
     7 | D        | Found the +0 sword of Power
     7 | D        | Found the +7 mace of Variability {chain chaos}
     7 | D        | Found the +7 Singing Sword {penetrate, sonic wave}
     7 | D        | Found the +8 storm bow {elec, penet}
     7 | D        | Found an ancient bone altar of Kikubaaqudgha.
     7 | D        | Found a corrupted altar of Lugonu.
     7 | D        | Found a transporter.
     7 | D        | Found a burning altar of Makhleb.
     7 | D        | Found a viscous altar of Jiyva.
     7 | D        | Found a hazy altar of Hepliaklqana.
    11 | D        | Found an opulent altar of Gozag.
    12 | D        | Found a blossoming altar of Fedhas.
    31 | D        | Became a worshipper of Makhleb the Destroyer
   118 | D        | Reached skill level 4 in Axes & Hammers
   118 | D        | Gained mutation: A weak demonic guardian rushes to your
                  | aid. [demonic ancestry]
   118 | D        | Reached XP level 2. HP: 27/27 MP: 3/3
   124 | D        | Entered arena 2.
   124 | D        | Found a transporter.
   136 | D        | Entered arena 3.
   136 | D        | Noticed a porcupine
   136 | D        | Found a transporter.
   139 | D        | Killed a porcupine
   139 | D        | Reached * piety under Makhleb
   139 | D        | Reached skill level 5 in Axes & Hammers
   139 | D        | Reached XP level 3. HP: 32/34 MP: 4/4
   139 | D        | Gained mutation: You are partially covered in sharp spines.
                  | [demonic ancestry]
   139 | D        | Reached XP level 4. HP: 38/41 MP: 5/5
   140 | D        | Reached XP level 5. HP: 45/47 MP: 6/6
   141 | D        | Reached skill level 6 in Axes & Hammers
   147 | D        | Entered arena 4.
   147 | D        | Noticed a necrophage
   147 | D        | Found a transporter.
   148 | D        | Reached ** piety under Makhleb
   149 | D        | Killed a necrophage
   149 | D        | Reached skill level 5 in Fighting
   149 | D        | Reached skill level 5 in Armour
   149 | D        | Reached skill level 5 in Shields
   164 | D        | Entered arena 5.
   164 | D        | Noticed a phantom
   164 | D        | Noticed a necrophage
   164 | D        | Found a transporter.
   166 | D        | Killed a necrophage
   166 | D        | Reached *** piety under Makhleb
   166 | D        | Reached skill level 7 in Axes & Hammers
   166 | D        | Gained mutation: You have sharp fingernails. (+2 Unarmed)
                  | [demonic ancestry]
   166 | D        | Reached XP level 6. HP: 56/56 MP: 7/7
   170 | D        | Killed a phantom
   178 | D        | Entered arena 6.
   178 | D        | Found a transporter.
   180 | D        | Reached **** piety under Makhleb
   180 | D        | Reached skill level 8 in Axes & Hammers
   180 | D        | Reached skill level 10 in Dodging
   180 | D        | Gained mutation: You have very sharp fingernails. (+4
                  | Unarmed) [demonic ancestry]
   180 | D        | Reached XP level 7. HP: 63/63 MP: 9/9
   194 | D        | Entered arena 7.
   194 | D        | Noticed a deep elf knight
   194 | D        | Noticed a deep elf mage
   194 | D        | Noticed a water elemental
   194 | D        | Identified the cursed ring "Woni" {rPois EV+5 Int+4 Slay+3
                  | Stlth-, (Curse: *Slow Fragile)}
   194 | D        | Noticed a deep elf mage
   194 | D        | Noticed a deep elf mage
   194 | D        | Noticed a +0 short sword of venom
   195 | D        | Found a transporter.
   197 | D        | Killed a +0 short sword of venom
   197 | D        | Reached ***** piety under Makhleb
   197 | D        | Reached skill level 9 in Axes & Hammers
   197 | D        | Reached skill level 5 in Invocations
   197 | D        | Gained mutation: You have claws for hands. (+6 Unarmed)
                  | [demonic ancestry]
   197 | D        | Reached XP level 8. HP: 70/71 MP: 9/11
   199 | D        | Killed a deep elf mage
   199 | D        | Killed a deep elf mage
   199 | D        | Reached skill level 10 in Axes & Hammers
   202 | D        | Killed a deep elf knight
   202 | D        | Reached skill level 11 in Axes & Hammers
   202 | D        | Gained mutation: You are partially covered in iridescent
                  | scales. (AC +2) [demonic ancestry]
   202 | D        | Reached XP level 9. HP: 67/80 MP: 10/12
   205 | D        | Killed a deep elf mage
   205 | D        | Reached skill level 12 in Axes & Hammers
   221 | D        | Entered arena 8.
   222 | D        | Found the necklace of Bloodlust {*Rage +Rage MR++ Int-3
                  | Slay+6 Soulbond}
   222 | D        | Found a transporter.
   227 | D        | Reached ****** piety under Makhleb
   227 | D        | Reached skill level 13 in Axes & Hammers
   254 | D        | Entered arena 9.
   254 | D        | Noticed a deep elf mage
   254 | D        | Noticed a deep elf demonologist
   254 | D        | Noticed a deep elf archer
   254 | D        | Noticed a deep elf mage
   254 | D        | Noticed a deep elf mage
   254 | D        | Noticed a deep elf mage
   254 | D        | Noticed a deep elf archer
   255 | D        | Found a transporter.
   259 | D        | Killed a deep elf mage
   260 | D        | Killed a deep elf mage
   260 | D        | Reached skill level 14 in Axes & Hammers
   260 | D        | Reached XP level 10. HP: 90/90 MP: 13/13
   261 | D        | Killed a deep elf mage
   262 | D        | Killed a deep elf archer
   263 | D        | Killed a deep elf mage
   263 | D        | Reached skill level 15 in Axes & Hammers
   264 | D        | Killed a deep elf demonologist
   264 | D        | Reached skill level 10 in Armour
   266 | D        | Killed a deep elf archer
   266 | D        | Reached skill level 16 in Axes & Hammers
   266 | D        | Reached skill level 10 in Shields
   286 | D        | Entered arena 10.
   286 | D        | Noticed a bennu
   286 | D        | Noticed a mummy priest
   290 | D        | Found a transporter.
   291 | D        | Noticed a sun demon
   292 | D        | Killed a bennu
   292 | D        | Killed by an exploding bennu... ignited by themself

Levels and vault maps discovered:
D:        sprint_v [room_start, room_1, room_2, room_3, room_4, room_5, room_6,
          room_7, room_8, room_9, room_10, room_11, room_12, room_13, room_14,
          room_15, room_16, room_17, room_18, room_19, room_20, room_21,
          room_22, room_23, room_24, room_25, room_26, room_27]

Skill      XL: |  1  2  3  4  5  6  7  8  9 10 |
---------------+-------------------------------+-----
Fighting       | 3 4 5 6 7 8 9 |  9.9
Axes & Hammers | 4 5 7 8 9 11 14 16 | 16.3
Armour         | 3 4 5 6 8 9 10 | 10.2
Dodging        | 4 7 9 10 11 12 13 | 13.7
Shields        | 3 4 5 6 8 9 10 | 10.0
Invocations    | 3 4 5 6 |  6.5
Stealth        | |  1.5
Spellcasting   | |  1.0
Fire Magic     | |  1.3

Action                   |  1- 3 |  4- 6 |  7- 9 | 10-12 || total
-------------------------+-------+-------+-------+-------++-------
Melee: Broad axe         |     3 |     7 |    17 |     8 ||    35
       Headbutt          |       |       |     3 |     2 ||     5
  Use: Potion            |     1 |       |       |     1 ||     2
Armor: Gold dragon scale |     2 |     3 |     6 |     4 ||    15
Dodge: Dodged            |       |       |     2 |     1 ||     3
Block: Scutum            |     3 |     2 |    12 |     7 ||    24
